 Dungeon Crawl Stone Soup version 0.24.1-11-gbbbb2193e6 (webtiles) character file.

Game seed: 16991647088617809538, levelgen mode: deterministic

42 Gruesph the Vandal (level 3, 0/24 HPs)
             Began as a Halfling Hunter on May 14, 2020.
             Slain by an orc wizard
             ... wielding a +0 dagger
              (4 damage)
             ... on level 2 of the Dungeon.
             The game lasted 00:04:13 (1034 turns).

Gruesph the Vandal (Halfling Hunter)                Turns: 1034, Time: 00:04:13

Health: 0/24       AC:  5    Str: 14    XL:     3   Next: 77%
Magic:  3/3        EV: 13    Int:  9    God:
Gold:   48         SH:  0    Dex: 14    Spells: 2/2 levels left

rFire    . . .     SeeInvis .   b - +2 dagger (venom)
rCold    . . .     Gourm    .   (shield restricted)
rNeg     . . .     Faith    .   e - +0 ring mail
rPois    .         Spirit   .   (no helmet)
rElec    .         Reflect  .   (no cloak)
rCorr    .         Harm     .   (no gloves)
MR       .....                  (no boots)
Stlth    +.........             (no amulet)
HPRegen  0.08/turn              (no ring)
MPRegen  0.08/turn              (no ring)

@: no status effects
A: small, mutation resistance 1
a: no special abilities


You were on level 2 of the Dungeon.
You were not hungry.

You visited 1 branch of the dungeon, and saw 2 of its levels.

You collected 48 gold pieces.

Inventory:

Hand Weapons
 a - a +1 hunting sling
 b - a +2 dagger of venom (weapon)
Missiles
 d - 33 sling bullets
 j - 24 stones (quivered)
Armour
 e - a +0 ring mail (worn)
Scrolls
 c - a scroll of noise {unknown}
 g - a scroll of random uselessness {unknown}
 i - 2 scrolls of identify {unknown}
 k - a scroll of magic mapping {unknown}
 l - a scroll of enchant armour {unknown}
 m - a scroll of fear {unknown}
 o - a scroll of enchant weapon {unknown}
Potions
 h - a potion of curing {unknown}
 n - a potion of lignification {unknown}
 p - a potion of degeneration {unknown}
Comestibles
 f - 2 rations


   Skills:
 - Level 1.7 Fighting
 + Level 7.2 Slings
 - Level 2.1 Dodging
 - Level 2.0 Stealth


You had 2 spell levels left.
You didn't know any spells.
Your spell library was empty.

Dungeon Overview and Level Annotations

Branches:
Dungeon (2/15)

Altars:


Innate Abilities, Weirdness & Mutations

You are small and have problems with some larger weapons.
You are somewhat resistant to further mutation.


Message History

You kill the orc!
You hear some strange, mumbled words.
A puff of flame appears from out of thin air!
The puff of flame hits you!
You hit the orc.
The orc is poisoned.
The orc is lightly wounded.
You hit something but do no damage. Something barely misses you.
You hit something but do no damage. Something hits you.
Something hits you but does no damage.
You closely miss something. Something hits you but does no damage.
You hit something. Something hits you.
You hit something but do no damage.
You hear some strange, mumbled words.
A puff of frost appears from out of thin air!
The puff of frost hits you!
* * * LOW HITPOINT WARNING * * *
You completely miss something.
You kill the orc!
Something hits you but does no damage. Something hits you.
You die...

#.........##.#
#.........#
############.##
#.....[...#
#..#
#.........#
##.#
#.........# #.#
#.........# #.#
#.........# #.#
#.........# #.#
#...........
#@#
............#
#{#
##..#......##


#Ko ...##.###.# ##.# #. ..# .. . #.## ..# #. ..# ..# You could see an orc and a
kobold.

Vanquished Creatures
  An adder (D:2)
  An ooze (D:1)
  A worm (D:2)
  A leopard gecko (D:2)
  2 orcs (D:2)
  3 bats
  A giant cockroach (D:2)
  A goblin (D:1)
  A hobgoblin (D:1)
  4 kobolds
  3 quokkas (D:2)
  A ball python (D:2)
  A rat (D:1)
21 creatures vanquished.

Notes
Turn   | Place    | Note
-------+----------+-------------------------------------------
     0 | D:1      | Gruesph the Halfling Hunter began the quest for the Orb.
     0 | D:1      | Reached XP level 1. HP: 14/14 MP: 1/1
   162 | D:1      | Reached skill level 6 in Slings
   244 | D:1      | Reached XP level 2. HP: 16/19 MP: 2/2
   833 | D:2      | Reached XP level 3. HP: 24/24 MP: 3/3
   892 | D:2      | Reached skill level 7 in Slings
  1034 | D:2      | Slain by an orc wizard

Levels and vault maps discovered:
D:1:      wander_arrival_chamber, layout_rooms
D:2:      layout_rooms

Skill      XL: |  1  2  3 |
---------------+----------+-----
Slings         | 6 7 |  7.2
Stealth        | 2 |  2.0
Fighting       | |  1.7
Dodging        | |  2.1

Action                   || total
-------------------------++-------
Melee: Short sword       ||    62
       Dagger            ||    23
 Fire: Hunting sling     ||    15
 Stab: Sleeping          ||     1
Armor: Ring mail         ||    34
Dodge: Dodged            ||    66
